 Dungeon Crawl Stone Soup version 0.30.0-30-g96aa6591b8 (webtiles) character file.

Game seed: 64331930220835301

5584 Peloso the Carver (level 10, -1/89 (90) HPs)
             Began as a Minotaur Fighter on June 26, 2023.
             Was an Elder of Okawaru.
             Slain by an unseen horror (11 damage)
             ... on level 8 of the Dungeon.
             The game lasted 00:19:51 (10630 turns).

Peloso the Carver (Minotaur Fighter)               Turns: 10630, Time: 00:19:52

HP:   -1/89 (90)    AC:  0    Str: 22    XL:     10   Next: 45%
MP:   9/9           EV: 20    Int:  5    God:    Okawaru [****..]
Gold: 458           SH:  0    Dex: 18    Spells: 9/9 levels left

rFire   . . .        a - melded +5 falchion
rCold   . . .        d - melded +0 kite shield
rNeg    . . .        u - melded +0 plate armour
rPois   .            (helmet currently unavailable)
rElec   .            g - melded +0 cloak
rCorr   .            l - melded +0 pair of gloves
SInv    .            (boots currently unavailable)
Will    .....        (no amulet)
Stlth   ++           H - melded +6 ring of dexterity
HPRegen 0.34/turn    z - melded ring of protection from cold
MPRegen 0.11/turn

%: no passive effects
@: bat-form, flying, lightly drained, very quick
A: fast, flying, no casting, tiny, (horns 2), (retaliatory headbutt)
a: Renounce Religion, Heroism, Finesse


You were on level 8 of the Dungeon.
You worshipped Okawaru.
Okawaru was greatly pleased with you.
You were a bat.
You visited 2 branches of the dungeon, and saw 10 of its levels.
You also visited: Ossuary.

You collected 510 gold pieces.
You spent 52 gold pieces at shops.

Inventory:

Hand Weapons
 a - a +5 falchion (melded)
 b - a +1 long sword
 c - the +9 sling "Lehol" {flame, Int+3}
   (You found it on level 2 of the Dungeon)

   Int:       It affects your intelligence (+3).
Missiles
 w - 59 stones (quivered)
Armour
 d - a +0 kite shield (melded)
 g - a +0 cloak (melded)
 l - a +0 pair of gloves (melded)
 u - a +0 plate armour (melded)
 I - the +0 ring mail of Coid {rF+++ Will+ Stlth+}
   (You found it on level 7 of the Dungeon)

   rF:        It renders you almost immune to fire.
   Will:      It increases your willpower.
   Stlth:     It makes you more stealthy.
Jewellery
 n - a +5 ring of evasion
 z - a ring of protection from cold (melded)
 H - a +6 ring of dexterity (melded)
Wands
 m - a wand of roots (7)
 s - a wand of charming (7)
 y - a wand of light (11)
 J - a wand of flame (9)
Scrolls
 e - a scroll of fear {unknown}
 f - 2 scrolls of poison
 h - 3 scrolls of amnesia
 j - 2 scrolls of fog
 k - a scroll of brand weapon {unknown}
 p - 2 scrolls of enchant weapon
 q - a scroll of magic mapping {unknown}
 v - a scroll of blinking
 A - 5 scrolls of identify
 C - a scroll of enchant armour {unknown}
 F - a scroll of immolation {unknown}
 L - a scroll of teleportation {unknown}
 M - a scroll of acquirement {unknown}
Potions
 i - 4 potions of might
 r - 2 potions of resistance
 t - a potion of curing
 x - 5 potions of flight
 B - 2 potions of mutation
 D - 2 potions of lignification {unknown}
 E - a potion of cancellation
 G - a potion of ambrosia
 K - a potion of magic
 N - a potion of haste {unknown}


   Skills:
 + Level 8.7 Fighting
 + Level 11.8 Long Blades
 + Level 4.2 Ranged Weapons
 + Level 9.5 Armour
 + Level 2.4 Dodging
 + Level 0.4 Stealth
 + Level 7.5 Shields
 + Level 1.0 Invocations


You had 9 spell levels left.
You didn't know any spells.
Your spell library contained the following spells:

 Spells                   Type           Power      Damage    Failure   Level
 Sting                    Tmut/Pois      0%         1d3       47%         1
 Ensorcelled Hibernation  Hex/Ice        0%         N/A       63%         2
 Poisonous Vapours        Pois/Air       0%         N/A       63%         2
 Scorch                   Fire           0%         2d5       63%         2
 Spider Form              Tmut/Pois      0%         N/A       85%         3
 Volatile Blastmotes      Fire/Tloc      0%         2d10      85%         3
 Anguish                  Hex/Necr       0%         N/A       99%         4
 Flame Wave               Conj/Fire      0%         2d4       99%         4
 Fulminant Prism          Conj/Hex       0%         3d5       99%         4
 Iskenderun's Mystic Bla  Conj/Tloc      0%         2d3       99%         4
 Olgreb's Toxic Radiance  Pois           0%         N/A       99%         4
 Lee's Rapid Deconstruct  Erth           0%         3d4*      100%        5
 Summon Cactus Giant      Summ           Unusable   N/A       N/A         6

Dungeon Overview and Level Annotations

Branches:
Dungeon (9/15)             Temple (1/1) D:5            Lair (0/5) D:8
Ossuary (visited)
    Orc: D:9-12

Altars:
Ashenzari
Cheibriados
Dithmenos
Fedhas
Okawaru
Ru
Sif Muna
Trog
Uskayaw
Wu Jian
Zin
The Shining One

Shops:
D:2 :(=*

Annotations:
D:8 1 runed translucent door, Graphine's ghost, novice HuCj
D:9 Psyche


Innate Abilities, Weirdness & Mutations

You are a bat.
You are tiny and dextrous.
You move quickly.
You are flying.
Your equipment is almost entirely melded.
You are incapable of wielding weapons or throwing items.
You cannot cast spells.
((You have a pair of horns on your head.))
((You reflexively headbutt those who attack you in melee.))


Message History

You feel like a meek peon again. Something hits you. x2
Something closely misses you. Something hits you! Something hits you!
Something hits you. Something barely misses you. Something hits you.
There is an open door here.
There is a stone staircase leading up here.
Something hits you.
* * * LOW HITPOINT WARNING * * *
Something barely misses you.
You fly upwards.
Level annotation: 1 runed translucent door, Graphine's ghost, novice HuCj Reactivating autopickup.
There is a stone staircase leading down here.
Something hits you!
* * * LOW HITPOINT WARNING * * *
Deactivating autopickup; reactivate with Ctrl-A.
You feel much better. Something hits you. Something barely misses you.
Something hits you. Something hits you. Something barely misses you.
Something hits you!
* * * LOW HITPOINT WARNING * * *
Something hits you.
* * * LOW HITPOINT WARNING * * *
Something hits you!
* * * LOW HITPOINT WARNING * * *
Something hits you!
* * * LOW HITPOINT WARNING * * *
You feel much better. Something hits you.
* * * LOW HITPOINT WARNING * * *
Something hits you!
* * * LOW HITPOINT WARNING * * *
Something hits you.
* * * LOW HITPOINT WARNING * * *
You feel much better. Something hits you!
* * * LOW HITPOINT WARNING * * *
There is a stone staircase leading up here.
Something hits you!
You die...

.......# #######..........#.....
.......####................#.....
.........##................#.....
...###.#.##................#.....
<......#.#.............♣.........
.......#.#............P~~........
...###.#.#.#...........~.........
....##.#.#.#.#####....~..........
.#..#........###b.....♣♣♣........
.................................
............######...............
....#.......# ######+#.........
............#####...##.#.........
.###..).).....).....'..'.........
.....)...#..#...♣..♣##.#........#
.........#P....♣♣P..P#.#........#
.#####...#♣...~~♣♣~.......###...#


There were no monsters in sight!

Vanquished Creatures
  3 two-headed ogres
  Prince Ribbit (D:7)
  A wyvern (D:9)
  2 steam dragons (D:7)
  Grum (D:8)
  A water moccasin (D:5)
  5 orc warriors
  2 ice beasts (D:7)
  An ogre (D:5)
  2 wolves (D:8)
  3 centaurs
  An elf zombie (Ossuary)
  A bullfrog (D:7)
  A gnoll sergeant (D:5)
  3 wights (D:9)
  4 howler monkeys
  2 electric eels (D:8)
  A human zombie (Ossuary)
  2 jellies (D:5)
  2 centaur zombies (Ossuary)
  8 orc priests
  A gnoll bouda (D:8)
  3 hounds
  5 iguanas
  A sleepcap (D:6)
  Crazy Yiuf (D:7)
  Ijyb (D:3)
  12 orc wizards
  2 mummies (Ossuary)
  8 gnolls
  3 adders
  A shadow imp (D:8)
  2 white imps
  An adder zombie (Ossuary)
  5 worms
  3 dart slugs
  36 orcs
  4 ball pythons
  7 bats
  8 endoplasms
  4 giant cockroaches
  2 goblins
  2 hobgoblins
  4 quokkas
  4 frilled lizards
  A goblin zombie (Ossuary)
  13 hobgoblin zombies (Ossuary)
  A jackal zombie (Ossuary)
  4 kobolds
  12 kobold zombies (Ossuary)
  4 orc zombies (Ossuary)
  2 rats
  A rat zombie (Ossuary)
205 creatures vanquished.

Vanquished Creatures (others)
  An orc wizard (D:6)
1 creature vanquished.

Grand Total: 206 creatures vanquished

Notes
Turn   | Place    | Note
-------+----------+-------------------------------------------
     0 | D:1      | Peloso the Minotaur Fighter began the quest for the Orb.
     0 | D:1      | Reached XP level 1. HP: 19/19 MP: 0/0
   221 | D:1      | Reached XP level 2. HP: 25/27 MP: 1/1
   878 | D:2      | Found Azecwoss's Weapon Emporium.
   955 | D:2      | Reached XP level 3. HP: 20/33 MP: 2/2
  1257 | D:2      | Identified the +9 sling "Lehol" {flame, Int+3}
  1319 | D:2      | Found Sauqity's Book Shoppe.
  1471 | D:2      | Found Ethequ's Jewellery Emporium.
  1489 | D:2      | Reached skill level 3 in Long Blades
  1966 | D:2      | Found Ewiar's Assorted Antiques.
  1976 | D:2      | Bought a scroll labelled ZIHETZAMMO for 26 gold pieces
  1976 | D:2      | Bought a scroll labelled MOLYWKOISO for 26 gold pieces
  2409 | D:3      | Reached XP level 4. HP: 12/40 MP: 3/3
  2726 | D:3      | Noticed Ijyb
  2771 | D:3      | Killed Ijyb
  3002 | D:3      | Reached skill level 5 in Armour
  3189 | D:4      | Reached skill level 4 in Long Blades
  3189 | D:4      | Reached XP level 5. HP: 47/47 MP: 4/4
  3305 | D:4      | Reached skill level 1 in Dodging
  3343 | D:4      | Found the +1 cloak of Starlight {*Dazzle EV+4 Stlth--}
  4132 | D:4      | Found a sacrificial altar of Ru.
  4132 | D:4      | Found a broken altar of Ashenzari.
  4132 | D:4      | Found a snail-covered altar of Cheibriados.
  4276 | D:5      | Entered Level 5 of the Dungeon
  4315 | D:5      | Found a staircase to the Ecumenical Temple.
  4396 | Temple   | Entered the Ecumenical Temple
  4406 | Temple   | Became a worshipper of Warmaster Okawaru
  4497 | D:5      | Reached skill level 5 in Long Blades
  4497 | D:5      | Reached XP level 6. HP: 11/53 MP: 5/5
  4965 | D:5      | Found a bloodstained altar of Trog.
  5068 | D:5      | Noticed a water moccasin
  5080 | D:5      | Killed a water moccasin
  5213 | D:5      | Reached * piety under Okawaru
  5214 | D:5      | Reached skill level 5 in Fighting
  5214 | D:5      | Reached XP level 7. HP: 61/61 MP: 6/6
  5224 | D:5      | Reached skill level 6 in Long Blades
  5381 | D:5      | Found a glowing silver altar of Zin.
  6224 | D:6      | Reached skill level 7 in Long Blades
  6528 | D:7      | Reached XP level 8. HP: 49/70 MP: 5/7
  6556 | D:7      | Reached skill level 8 in Long Blades
  6556 | D:7      | Reached skill level 5 in Shields
  6558 | D:7      | Identified the +0 ring mail of Coid {rF+++ Will+ Stlth+}
  6576 | D:7      | Reached ** piety under Okawaru
  6678 | D:7      | Found a sand-covered staircase.
  6730 | Ossuary  | Entered an ossuary
  7090 | Ossuary  | Reached skill level 9 in Long Blades
  7452 | D:7      | Reached skill level 1 in Ranged Weapons
  7625 | D:7      | Found a runed translucent door.
  7626 | D:7      | Noticed Crazy Yiuf
  7631 | D:7      | Killed Crazy Yiuf
  8060 | D:7      | Noticed Prince Ribbit
  8085 | D:7      | Killed Prince Ribbit
  8085 | D:7      | Reached *** piety under Okawaru
  8086 | D:7      | Reached XP level 9. HP: 59/79 MP: 8/8
  8843 | D:8      | Noticed Grum
  8869 | D:8      | Killed Grum
  8870 | D:8      | Reached skill level 10 in Long Blades
  9308 | D:8      | Noticed a two-headed ogre
  9314 | D:8      | Killed a two-headed ogre
  9314 | D:8      | Reached **** piety under Okawaru
  9472 | D:8      | Found a glowing golden altar of the Shining One.
  9484 | D:8      | Found a staircase to the Lair.
  9504 | D:8      | Found a runed translucent door.
  9506 | D:8      | Noticed a polar bear
  9506 | D:8      | Noticed Graphine's ghost (novice HuCj)
  9827 | D:8      | Identified the +1 spear "Vomolat" {elec, Will- rCorr Dex+6}
  9885 | D:9      | Reached skill level 11 in Long Blades
  9891 | D:9      | Reached XP level 10. HP: 88/88 MP: 9/9
  9899 | D:9      | Noticed a two-headed ogre
  9906 | D:9      | Killed a two-headed ogre
 10462 | D:9      | Identified the +1 ring mail "Forget-Me-Not" {Int+3}
 10472 | D:9      | Noticed a two-headed ogre
 10482 | D:9      | Killed a two-headed ogre
 10483 | D:9      | Reached skill level 1 in Invocations
 10576 | D:9      | Noticed Psyche
 10617 | D:8      | HP: 4/89 [something (7)]
 10630 | D:8      | Slain by an unseen horror

Illustrated notes

Levels and vault maps discovered:
D:1:      denvon_arrival_planthouse, layout_basic
D:2:      layout_loops_corners, serial_shops, shop, shop, shop,
          nicolae_lakefront_shop
D:3:      layout_loops_corners, uniq_ijyb
D:4:      layout_basic, gammafunk_temple_overflow_claw,
          amcnicky_mini_rare_corridor_liquid, ebering_dispersal_statue_hall,
          minmay_box_of_dots
D:5:      layout_loops_corners, kennysheep_little_box, trog_book,
          minmay_temple_entry_slanted
D:6:      layout_rooms
D:7:      layout_loops_corners, chequers_ossuary_entry_cave,
          uniq_crazy_yiuf_cottage, uniq_prince_ribbit1
D:8:      layout_basic, tso_oasis_becter, lair_entry_dummy,
          ebering_ghost_funeral_grove, serial_bayou, serial_bayou_pond_e,
          serial_bayou_shore_a, serial_bayou_pond_e, serial_bayou_pond_a,
          corexii_corridor_pit, uniq_grum
D:9:      layout_stronghold, uniq_psyche
Temple:   compressed_dpeg_circular_temple

Skill      XL: |  1  2  3  4  5  6  7  8  9 10 |
---------------+-------------------------------+-----
Shields        | 4 5 6 7 |  7.5
Armour         | 4 5 6 7 8 9 |  9.5
Fighting       | 4 5 7 8 |  8.7
Long Blades    | 3 4 5 7 9 11 | 11.8
Dodging        | 1 2 |  2.4
Ranged Weapons | 2 4 |  4.2
Invocations    | 1 |  1.0
Stealth        | |  0.4

Action                     |  1- 3 |  4- 6 |  7- 9 | 10-12 || total
---------------------------+-------+-------+-------+-------++-------
  Melee: Long sword        |   120 |    97 |   422 |    28 ||   667
         Headbutt          |    14 |    18 |    92 |    15 ||   139
         Unarmed           |       |     3 |       |     1 ||     4
         Falchion          |       |       |       |    29 ||    29
   Fire: Sling             |       |     6 |    36 |       ||    42
 Invoke: Heroism           |       |       |     6 |     5 ||    11
  Evoke: Wand              |       |       |     1 |       ||     1
    Use: Potion            |     2 |     1 |     1 |     3 ||     7
         Scroll            |       |     6 |    10 |       ||    16
 Armour: Scale mail        |    62 |     3 |       |       ||    65
         Plate armour      |       |    51 |   187 |    28 ||   266
  Dodge: Dodged            |    56 |    68 |   162 |    15 ||   301
  Block: Buckler           |    11 |    28 |     2 |       ||    41
         Kite shield       |       |       |   163 |    31 ||   194
